 Dungeon Crawl Stone Soup version 0.30-b1-2-g02819fbbbe (webtiles) character file.

Game seed: 18321812290457710213

(classic levelgen) 2 EnegeticOcto the Shield-Bearer (level 1, 0/20 HPs)
             Began as a Minotaur Fighter on May 9, 2023.
             Succumbed to a goblin's poison
             ... on level 1 of the Dungeon.
             The game lasted 00:00:03 (26 turns).

EnegeticOcto the Shield-Bearer (Minotaur Fighter)     Turns: 26, Time: 00:00:03

Health: 0/20       AC:  6    Str: 20    XL:     1   Next: 25%
Magic:  0/0        EV:  9    Int:  5    God:
Gold:   0          SH:  4    Dex:  9    Spells: 0/0 levels left

rFire   . . .        a - +0 war axe
rCold   . . .        c - +0 buckler
rNeg    . . .        b - +0 scale mail
rPois   .            (helmet restricted)
rElec   .            (no cloak)
rCorr   .            (no gloves)
SInv    .            (no boots)
Will    .....        (no amulet) Stlth
                     (no ring)
HPRegen 0.23/turn    (no ring)
MPRegen 0.07/turn

%: no passive effects
@: lethally poisoned (0 -> -4)
A: horns 2, retaliatory headbutt
a: no special abilities


You were on level 1 of the Dungeon.
You visited 1 branch of the dungeon, and saw 1 of its levels.

Inventory:

Hand Weapons
 a - a +0 war axe (weapon)
Armour
 b - a +0 scale mail (worn)
 c - a +0 buckler (worn)
Potions
 d - a potion of might {@q3}


   Skills:
 + Level 3.6 Fighting
 * Level 2.5 Axes
 + Level 3.6 Armour
 + Level 3.6 Shields


You couldn't memorise any spells.
You didn't know any spells.
Your spell library was empty.

Dungeon Overview and Level Annotations

Branches:
Dungeon (1/15)

Altars:

Annotations:
D:1 1 runed translucent door


Innate Abilities, Weirdness & Mutations

You have a pair of horns on your head.
You reflexively headbutt those who attack you in melee.


Message History

Welcome, EnegeticOcto the Minotaur Fighter.
Everyone else who sought the Orb of Zot has failed.
Will you be different?
Press ? for a list of commands and other information.
Found two stairs.
Found a dagger and 2 javelins.
The jackal barks!
The endoplasm quivers.
Found a runed translucent door.
The endoplasm quivers. x3
The jackal barks!
You hear a bark!
The endoplasm quivers.
The jackal barks! x2
There is a fountain of clear blue water here.
You open the door.
There is an open door here.
Found a robe.
A kobold comes into view. It is wielding a +0 whip.
The kobold shouts!
A kobold is nearby!
A bat comes into view.
The bat moves out of view.
Found a scroll labelled ARIPRA SURPHEKU.
Found a sapphire potion and a book of Flames.
Found a stone staircase leading down.
The kobold hits you with a +0 whip.
You closely miss the bat. You hit the kobold. The bat barely misses you.
You furiously retaliate!
You headbutt the bat.
You kill the bat!
The kobold hits you but does no damage.
You slash the kobold!
You kill the kobold!
A goblin comes into view.
It is wielding a +0 dagger and quivering poisoned darts.
The goblin shouts!
The goblin throws a poisoned dart.
The poisoned dart barely misses you.
Things that are here:
a +0 whip; a kobold corpse The goblin throws a poisoned dart.
The poisoned dart hits you!
You are poisoned.
A goblin is nearby!
A goblin is nearby!
A goblin is nearby!
You feel very sick.
The goblin throws a poisoned dart.
The poisoned dart hits you!
You are lethally poisoned!
You feel very sick.
You feel very sick. The goblin hits you but does no damage.
You are too injured to fight recklessly!
You are too injured to fight recklessly!
You are too injured to fight recklessly!
You are too injured to fight recklessly!
You are too injured to fight recklessly!
You are too injured to fight recklessly!
You are too injured to fight recklessly!
There is a lethal amount of poison in your body!
There is a lethal amount of poison in your body!
You barely miss the goblin. You headbutt the goblin.
The goblin is severely wounded.
* * * LOW HITPOINT WARNING * * *
You feel very sick.
The goblin hits you but does no damage. x2
You barely miss the goblin.
The goblin is heavily wounded.
* * * LOW HITPOINT WARNING * * *
You feel sick. The goblin hits you but does no damage.
You closely miss the goblin. You headbutt the goblin.
The goblin is severely wounded.
* * * LOW HITPOINT WARNING * * *
You feel sick.
The goblin hits you but does no damage. x2
You slash the goblin!
You kill the goblin!
You die...

.######## #........#
[.......#####.......!#
.....................##
+#######'###........>.#
⌠...>...⌠..#..).......#
....<......#..........#
...###....⌠+..........#
...........#..........#
####+#######....@....##
.hJJJhJhJB.#....)..?..#
..BBJrBJJ..#..........#
..h...?.(..#..........#
############..........#
............#
............##
#####......##


There were no monsters in sight!

Vanquished Creatures
  A goblin (D:1)
  A kobold (D:1)
  A bat (D:1)
3 creatures vanquished.

Notes
Turn   | Place    | Note
-------+----------+-------------------------------------------
     0 | D:1      | EnegeticOcto the Minotaur Fighter began the quest for the
                  | Orb.
     0 | D:1      | Reached XP level 1. HP: 19/19 MP: 0/0
     1 | D:1      | Found a runed translucent door.
    26 | D:1      | Succumbed to a goblin's poison

Illustrated notes

Levels and vault maps discovered:
D:1:      dpeg_arrival_caged_fury, layout_rooms, ebering_ecumenical_altar_hall

Action                     || total
---------------------------++-------
  Melee: War axe           ||     6
         Headbutt          ||     2
 Armour: Scale mail        ||     7
  Dodge: Dodged            ||     2
